 Dungeon Crawl Stone Soup version 0.18.1-50-g88ac8fd (webtiles) character file.

1922 Chiseanne the Nimble (level 8, -4/37 HPs)
             Began as a Spriggan Warper on Oct 1, 2016.
             Was an Initiate of Gozag.
             Shot with a sling bullet by Joseph (16 damage)
             ... on level 8 of the Dungeon.
             The game lasted 01:06:37 (9238 turns).

Chiseanne the Nimble (Spriggan Warper)              Turns: 9238, Time: 01:06:38

Health: -4/37      AC:  5    Str:  7    XL:     8   Next: 96%
Magic:  21/21      EV: 26    Int: 21    God:    Gozag
Gold:   243        SH:  0    Dex: 18    Spells: 4 memorised, 14 levels left

rFire  . . .     SeeInvis +     w - +0 blowgun
rCold  . . .     Gourm    .     b - +2 robe "Ceupt" {+Blink rCorr Int+5 Dex+2}
rNeg   . . .     Faith    .     (shield restricted)
rPois  .         Spirit   .     (helmet restricted)
rElec  .         Dismiss  .     r - +0 cloak
rCorr  +         Reflect  .     (gloves unavailable)
SustAt .         Harm     .     (boots unavailable)
MR     +....                    (no amulet)
Stlth  ++++......               (no ring)
                                (no ring)

@: very quick, somewhat resistant to hostile enchantments, stealthy
A: unfitting armour, see invisible, herbivore 3, speed 3, slow metabolism 2
a: Potion Petition, Call Merchant, Bribe Branch, Renounce Religion, Evoke Blink


You were on level 8 of the Dungeon.
You worshipped Gozag.
Gozag was noncommittal.
You were not hungry.

You visited 1 branch of the dungeon, and saw 8 of its levels.
You also visited: Ossuary.

You collected 1288 gold pieces.
You spent 422 gold pieces at shops.
You paid 623 gold pieces to Gozag.

Inventory:

Hand Weapons
 a - a +3 short sword of protection
 e - a +0 hunting sling
 s - a +2 quarterstaff of chaos
 w - a +0 blowgun (weapon)
Missiles
 g - 196 stones
 h - 54 arrows
 i - 17 poisoned needles
 k - 64 sling bullets
 m - a needle of confusion (quivered)
 o - a tomahawk of dispersal
 p - 16 bolts
 D - 19 tomahawks
 K - a throwing net
Armour
 b - the +2 robe "Ceupt" (worn) {+Blink rCorr Int+5 Dex+2}
   (You bought it in a shop on level 5 of the Dungeon)

   It affects your intelligence (+5).
   It affects your dexterity (+2).
   It lets you blink.
   It protects you from acid and corrosion.
 r - a +0 cloak (worn)
 y - a +2 buckler
Jewellery
 j - a +3 ring of evasion
Scrolls
 d - a scroll of blinking
 v - 2 scrolls of fog
 B - a scroll of recharging
 G - a scroll of teleportation
 I - a scroll of remove curse
 L - a scroll of identify
Potions
 l - 2 potions of ambrosia {unknown}
 q - a potion of haste
 t - a potion of lignification {unknown}
 u - 2 potions of flight
 x - a potion of invisibility {unknown}
 z - a potion of might
 A - a potion of agility
 C - 2 potions of heal wounds
 H - 3 potions of curing
 J - a potion of brilliance
Books
 c - a book of Spatial Translocations

   Spells                             Type                      Level
   a - Apportation                    Translocation                1
   b - Blink                          Translocation                2
   c - Shroud of Golubria             Charms/Translocation         2
   d - Portal Projectile              Translocation                3
   e - Teleport Other                 Translocation                3
   f - Passage of Golubria            Translocation                4
Comestibles
 f - 6 bread rations


   Skills:
 - Level 1.5 Fighting
 - Level 2.1 Short Blades
 - Level 1.0 Throwing
 * Level 10.2 Dodging
 * Level 6.1 Stealth
 * Level 8.3 Spellcasting
 - Level 9.0 Translocations


You had 14 spell levels left.
You knew the following spells:

 Your Spells              Type           Power        Failure   Level  Hunger
a - Apportation           Tloc           #####.....   1%          1    None
b - Blink                 Tloc           N/A          1%          2    None
c - Shroud of Golubria    Chrm/Tloc      ####......   1%          2    None
d - Passage of Golubria   Tloc           N/A          1%          4    ###....


Dungeon Overview and Level Annotations

Branches:
Dungeon (8/15)             Temple (0/1) D:6
   Lair: D:8-11

Altars:
Ashenzari
Dithmenos
Fedhas
Gozag
Makhleb
Nemelex Xobeh
Pakellas
Qazlal
Sif Muna
Yredelemnul
The Shining One

Shops:
D:5 (![(*   D:6 !

Annotations:
D:3 Lluna's ghost, amateur KoHu
D:8 Joseph


Innate Abilities, Weirdness & Mutations

You are tiny and cannot use many weapons and most armour.
You have supernaturally acute eyesight.
You are a herbivore.
You cover ground extremely quickly.
You need consume almost no food.


Message History

Firing (i - inventory. (,) - cycle):
m - 4 needles of confusion (quivered)
Press: ? - help, Shift-Dir - straight line, f/p - Joseph
Aim: Joseph, wielding a hunting sling and wearing a ring mail You shoot a needle of confusion.
The needle of confusion closely misses Joseph.
Joseph shoots a sling bullet.
The sling bullet completely misses you.
Firing (i - inventory. (,) - cycle):
m - 3 needles of confusion (quivered)
Press: ? - help, Shift-Dir - straight line, f/p - Joseph
Aim: Joseph, wielding a hunting sling and wearing a ring mail You shoot a needle of confusion.
The needle of confusion hits Joseph.
Joseph resists.
Joseph shoots a sling bullet.
The sling bullet hits you!!
Firing (i - inventory. (,) - cycle):
m - 2 needles of confusion (quivered)
Press: ? - help, Shift-Dir - straight line, f/p - Joseph
Aim: Joseph, wielding a hunting sling and wearing a ring mail You shoot a needle of confusion.
The needle of confusion hits Joseph.
Joseph resists.
Joseph shouts, "Wow!"
Joseph shoots a sling bullet.
The sling bullet hits you!
You die...
Your body crumbles into a pile of gold.

##.#####
##......#
###.......#
#.......<.#
.......<..#
.##.......#
##...(..#
##.....##
###..@.#
#####..#
#..# ##@#
(# #


You could see Joseph.

Vanquished Creatures
  A black bear (D:6)
  3 ogres
  A sky beast (D:6)
  4 elf zombies (Ossuary)
  2 giant frogs (D:7)
  A wyvern zombie (D:6)
  2 scorpions
  A howler monkey (D:6)
  A centaur zombie (Ossuary)
  A hound (D:7)
  Crazy Yiuf (D:3)
  An orc priest (D:5)
  A centaur skeleton (D:7)
  An iguana (D:4)
  Jessica (D:3)
  5 orc wizards
  5 worker ants
  2 big kobold zombies (Ossuary)
  A hound zombie (D:5)
  A hound skeleton (D:5)
  2 mummies (Ossuary)
  10 gnolls
  9 adders
  A shadow imp (D:6)
  2 oozes
  6 worms
  2 dart slugs
  5 giant geckos
  23 orcs
  A ball python (D:2)
  3 giant cockroaches
  4 goblins
  10 hobgoblins
  2 jackals (D:5)
  5 quokkas
  7 bats
  2 giant newts
  12 hobgoblin zombies (Ossuary)
  8 kobolds
  12 kobold zombies (Ossuary)
  6 orc zombies (Ossuary)
  8 rats
176 creatures vanquished.

Vanquished Creatures (others)
  A bat (D:3)
1 creature vanquished.

Grand Total: 177 creatures vanquished

Notes
Turn   | Place    | Note
--------------------------------------------------------------
     0 | D:1      | Chiseanne the Spriggan Warper began the quest for the Orb.
     0 | D:1      | Reached XP level 1. HP: 10/10 MP: 5/5
   193 | D:1      | Reached XP level 2. HP: 9/14 MP: 6/6
   314 | D:1      | Reached skill level 5 in Translocations
   456 | D:1      | Learned a level 2 spell: Blink
   459 | D:1      | Learned a level 2 spell: Shroud of Golubria
   919 | D:1      | Reached skill level 4 in Dodging
  1156 | D:2      | Reached XP level 3. HP: 18/18 MP: 5/8
  1289 | D:2      | Found a sparkling altar of Nemelex Xobeh.
  1289 | D:2      | Found an opulent altar of Gozag.
  1296 | D:2      | Became a worshipper of Gozag Ym Sagoz the Greedy
  1880 | D:2      | Reached XP level 4. HP: 22/22 MP: 7/10
  1908 | D:2      | Learned a level 4 spell: Passage of Golubria
  2590 | D:3      | Found a faded altar to an unknown god.
  2777 | D:3      | Noticed Lluna's ghost (amateur KoHu)
  2811 | D:3      | Noticed Jessica
  2857 | D:3      | Killed Jessica
  2857 | D:3      | Reached skill level 5 in Dodging
  3174 | D:3      | Found a shadowy altar of Dithmenos.
  3221 | D:3      | Noticed Crazy Yiuf
  3263 | D:3      | Killed Crazy Yiuf
  3263 | D:3      | Reached XP level 5. HP: 25/25 MP: 12/12
  3367 | D:3      | Found a glowing golden altar of the Shining One.
  3371 | D:3      | Noticed an angel
  3385 | D:3      | Found a basalt altar of Yredelemnul.
  3387 | D:3      | Noticed a profane servitor
  4166 | D:4      | Reached skill level 6 in Dodging
  4258 | D:4      | Reached XP level 6. HP: 27/30 MP: 12/14
  4317 | D:4      | Found a sand-covered staircase.
  4322 | Ossuary  | Entered an ossuary
  4678 | Ossuary  | Reached skill level 5 in Spellcasting
  4809 | Ossuary  | Reached skill level 7 in Dodging
  4909 | Ossuary  | Reached XP level 7. HP: 17/33 MP: 13/16
  5329 | D:4      | Found a shattered altar of Ashenzari.
  5355 | D:4      | Found a burning altar of Makhleb.
  5361 | D:4      | Found a blossoming altar of Fedhas.
  5363 | D:4      | Found a deep blue altar of Sif Muna.
  5363 | D:4      | Found a stormy altar of Qazlal.
  5373 | D:4      | Found an oddly glowing altar of Pakellas.
  5608 | D:5      | Entered Level 5 of the Dungeon
  5626 | D:5      | Found Reate's Distillery.
  5632 | D:5      | Bought a potion of degeneration for 14 gold pieces
  5645 | D:5      | Found Ucih's Antique Armour Emporium.
  5657 | D:5      | Found Senetough's Assorted Antiques.
  5841 | D:5      | Wingboner: Sup.
  5841 | D:5      | Wingboner: Will you go shatter?
  5841 | D:5      | Chiseanne: trying to get game going ..and how are you?
  5903 | D:5      | Reached skill level 8 in Dodging
  5973 | D:5      | Wingboner: Roleplaying a green draconian that has transcended his heritage and became a paladin.
  5988 | D:5      | Chiseanne: that sounds wonderfully weird :)
  6059 | D:5      | Wingboner: &dump casual
  6068 | D:5      | Wingboner: Ah, you don't have the bot.
  6068 | D:5      | Chiseanne: what bot?
  6083 | D:5      | Chiseanne: oh wait asual is your char too, right?
  6083 | D:5      | Wingboner: There's a bot that allows you to use most irc queries right here, in this chat.
  6083 | D:5      | Chiseanne: ah ok I dont know about that kind of stuff
  6090 | D:5      | Wingboner: To subscribe just say !beem subscribe in a game where it's present, like http://crawl.xtahua.com:8080/#watch-Iwannabefree
  6092 | D:5      | Wingboner: Yeah, casual and some other ones, when you lure the bot here I'll make it tell which ones.
  6092 | D:5      | Chiseanne: what does that do then? I dont know about the commands in irc
  6092 | D:5      | Wingboner: Well, lots of things. Game stats, watching recorded videos of all your games, achievements... Everything.
  6092 | D:5      | Wingboner: !nick xenobreeder
  6092 | D:5      | beem: Mapping xenobreeder => casual cyanbird assault inquiry wingboner
  6092 | D:5      | Chiseanne: ok done
  6092 | D:5      | Wingboner: That's all me.
  6092 | D:5      | Wingboner: !greatplayer chiseanne
  6092 | D:5      | beem: Unwon species for chiseanne: Deep Dwarf, Deep Elf, Demigod, Draconian, Felid, Gargoyle, Ghoul, Halfling, High Elf, Hill Orc, Human, Kobold, Merfolk, Naga, Octopode, Ogre, Tengu, Troll, Vampire
  6092 | D:5      | Chiseanne: you have way too many chars lol
  6092 | D:5      | Wingboner: !greatlairer chiseanne
  6092 | D:5      | Chiseanne: what ? unknown species for me? never!
  6092 | D:5      | beem: Unlaired species for chiseanne: Merfolk
  6092 | D:5      | Wingboner: You haven't reached Lair on any merfolk!
  6092 | D:5      | Wingboner: !hs chiseanne merfolk -tv
  6092 | D:5      | beem: 64. Chiseanne, XL12 MfGl, T:24950 requested for FooTV: telnet://termcast.develz.org or http://termcast.develz.org.
  6092 | D:5      | Chiseanne: ah ok..might be..I dont like them too m uch..too boring for my taste
  6092 | D:5      | Wingboner: Lots of things can be done via this bot. Looking up god wrath, miscasts, monster stats...
  6092 | D:5      | Wingboner: Char dumps.
  6092 | D:5      | Wingboner: !lg chiseanne
  6092 | D:5      | beem: 7398. Chiseanne the Covert (L8 SpWr of Gozag), slain by Erica (a +4 scimitar of flaming) on D:8 on 2016-10-01 19:30:20, with 1614 points after 7686 turns and 0:40:51.
  6092 | D:5      | Chiseanne: haha nice TV show
  6092 | D:5      | Wingboner: !lg chiseanne -log
  6092 | D:5      | beem: 7398. Chiseanne, XL8 SpWr, T:7686: http://crawl.xtahua.com/crawl/morgue/Chiseanne/morgue-Chiseanne-20161001-193020.txt
  6092 | D:5      | Chiseanne: nice
  6092 | D:5      | Wingboner: You can even make Cerebov fight 99 hell rats.
  6092 | D:5      | Chiseanne: where do I find all that commands ?
  6092 | D:5      | Chiseanne: hehe
  6092 | D:5      | Chiseanne: sounds like fun
  6092 | D:5      | Wingboner: Mostly they're scattered all over the database.
  6092 | D:5      | Wingboner: ??learndb
  6092 | D:5      | beem: learndb[1/9]: http://lookupdb.guy.ht/ for a convenient online interface for the learndb. Thank mrwooster! Go to https://loom.shalott.org/learndb to see all the entries on one page.
  6092 | D:5      | Chiseanne: ah ok
  6092 | D:5      | Wingboner: ??learndb[2
  6092 | D:5      | beem: learndb[2/9]: The main commands for the learndb are add, query, edit, swap, and delete. See [3] for add and insert, [4] and [5] for edit, [6] for query, [7] for swap and move. You can read entries in private queries to Sequell. You cannot change it in private, however.
  6092 | D:5      | Wingboner: ??learndb[3
  6092 | D:5      | beem: learndb[3/9]: "!learn add article_name article text" adds an article to the learndb. !learn insert article_name[index] text adds an entry with a specific index.
  6092 | D:5      | Wingboner: ??learndb[4
  6092 | D:5      | beem: learndb[4/9]: "!learn edit name[index] s/REGEX/REPLACE/opts" allows you to edit entries in the learndb. Regex refers to the portion of text you are editing, and replace refers to the text you are replacing the edited material with. Continued in learndb[5].
  6092 | D:5      | Wingboner: !commandslist
  6092 | D:5      | Wingboner: !cmdlist
  6092 | D:5      | beem: User Commands: !27club, !a-choice, !a-class, !a-race, !a-sign, !abyssratio, !abyssturns, !ac, !acbonus, !add, !aevp, !alignedwinner, !always, !ancestorpopularity, !armourdodgepenalty, !awaken, !awbwchar, !awbwleft, !awbwlive, !awbwprogress, !banish, !banish2, !beam, !beem, !beer, !beestorm, !beetv, !bet, !blame, !blame2, !blame3, !blame3n, !blamen, !branchless, !brendratio, !bug, !buyin, !calc, ...
  6092 | D:5      | Chiseanne: !blame
  6092 | D:5      | beem: I pronounce Chiseanne... Guilty!
  6092 | D:5      | Chiseanne: LOL
  6092 | D:5      | Chiseanne: good one!
  6092 | D:5      | Chiseanne: !beer
  6092 | D:5      | beem: *beem* slides a stein of India pale ale down the bar to Chiseanne.
  6092 | D:5      | Wingboner: Too many of these, need to PM the bot in IRC to read them all.
  6092 | D:5      | Wingboner: !beam chiseanne
  6092 | D:5      | beem: Wingboner casts a spell. chiseanne is cast into beam.cc!
  6092 | D:5      | Wingboner: !goodplayer chiseanne
  6092 | D:5      | beem: chiseanne is a goodplayer: 19 wins.
  6092 | D:5      | Wingboner: !oneandwon chiseanne
  6092 | D:5      | beem: No chars won on first try for chiseanne
  6092 | D:5      | Wingboner: !gkills chiseanne
  6092 | D:5      | beem: 204 kills by chiseanne's ghost: 36x Chiseanne, 3x Batox, 3x Herrn, 3x WhatIsLove, 3x haldagan, 2x PolkaDot, 2x Mazaa, 2x runewalsh, 2x Uberwunderbarhen, 2x PinkishYellow, 2x Zapata, 2x Budyniov, 2x namelastname112, 2x Thrillho, 2x Nabski, 2x azaza322, 2x Malog, 2x 4thArraOfDagon, 2x Xoff, 2x smajdalf, swiechu, tailblues, Psiweapon, demoney, Xenophilius, jeykey, lorenzova, residualshade, cynric77...
  6092 | D:5      | Chiseanne: that is awesome!
  6092 | D:5      | Wingboner: !aevp 10 10 10
  6092 | D:5      | beem: ER=10, str=10, armour skill=10 : -2 EV
  6092 | D:5      | Chiseanne: what is that?
  6092 | D:5      | Wingboner: If your armour has 10 base encumbrance rating, you have 10 str and 10 armour skill — you'll have -2 to EV.
  6092 | D:5      | Chiseanne: oh ok
  6092 | D:5      | Wingboner: !ac 10 10
  6092 | D:5      | beem: 2.2 armour skill per 1 AC for 10 base AC
  6092 | D:5      | Wingboner: Lots of useful things in there.
  6092 | D:5      | Wingboner: @?cerebov
  6092 | D:5      | beem: Cerebov (&)
                  | Spd:
    10 | HD: 21   | HP: 558-764
                  | AC/EV: 30/8
                  | Dam: 60
                  | demonic, weapons, items, doors, fighter, evil, see invisible
                  | Res: magic(immune), fire+++, damnation, poison, drown, rot, neg+++, torm
                  | Vul: holy++
                  | XP: 22674
                  | Sp: iron shot (3d36) [!sil], fire storm (8d16 / 8d17) [!sil], sum.greater demon [!sil], haste [!sil]
                  | Sz: Giant
  6092 | D:5      | beem:
                  | Int: human.
  6092 | D:5      | Chiseanne: so from now on Im on that until I do ! beem...
  6092 | D:5      | Chiseanne: undsubscribe
  6092 | D:5      | Chiseanne: I guess?
  6092 | D:5      | Wingboner: Yeah.
  6092 | D:5      | Chiseanne: ok
  6092 | D:5      | Wingboner: !stalk chiseanne
  6092 | D:5      | beem: Chiseanne the L6 SpWr^Gozag in Ossuary (cxc tiles), T:4322, defenses: 9/19/0, stats: 7/16/16
  6092 | D:5      | Wingboner: Shows the stats and location for your last milestone.
  6092 | D:5      | Chiseanne: nice
  6092 | D:5      | Wingboner: !isonline @chiseanne
  6092 | D:5      | beem: 27 minutes, 15 seconds since last activity (@chiseanne)
  6092 | D:5      | Wingboner: I use a couple of aliases to track those I watch.
  6092 | D:5      | Wingboner: !isonline @watched
  6092 | D:5      | Chiseanne: so basically you can inquire on anything that is going on in a game
  6092 | D:5      | beem: 4 days, 7 hours, 14 minutes, 0 seconds since last activity (@watched)
  6092 | D:5      | Wingboner: !isonline @allofthem
  6092 | D:5      | beem: 1 minutes, 50 seconds since last activity (@allofthem)
  6092 | D:5      | WhatIsLove: Hey cas, you creep freak!
  6092 | D:5      | Wingboner: Not everything, but it's pretty close.
  6092 | D:5      | WhatIsLove: hello Chi
  6092 | D:5      | Chiseanne: hey WhatsLove..how are you? long time no see
  6092 | D:5      | Wingboner: OHAI MAN WANT A HORSEDICK?!
  6092 | D:5      | WhatIsLove: Im ballin
  6092 | D:5      | Chiseanne: why would you be baqllin? :D
  6092 | D:5      | Wingboner: ??pentagram card
  6092 | D:5      | beem: pentagram card[1/1]: Summons a pair of friendly demons, with duration increasing with power level. Demons summoned (by power level): 4 plus hell hound; 3 plus rakshasa; 2 plus random pan lord.
  6092 | D:5      | Chiseanne: ballin
  6092 | D:5      | WhatIsLove: cuz thats how i roll and shyet
  6092 | D:5      | Wingboner: !lm whatislove
  6092 | D:5      | beem: 27717. [2016-09-22 17:18:51] WhatIsLove the Spry (L17 DrMo of Hepliaklqana) killed Aizul on turn 28369. (Spider:4)
  6092 | D:5      | Wingboner: By the way why are battlemage ancestors so shitty?!
  6093 | D:5      | Chiseanne: oh I havent seen Aizul in quite a while now
  6093 | D:5      | WhatIsLove: so, what's the holdup
  6093 | D:5      | Chiseanne: no idea..havent played that in a while
  6093 | D:5      | WhatIsLove: I used to be a spriggan of gozag myself too
  6093 | D:5      | Chiseanne: wingboner is teaching me about !beem
  6093 | D:5      | WhatIsLove: but then I got an arrow to the knee
  6093 | D:5      | Chiseanne: haha nice
  6093 | D:5      | Wingboner: But then I got an arrow to the snek.
  6093 | D:5      | Wingboner: !lg xenobreeder /tm
  6093 | D:5      | beem: 1364/3672 games for xenobreeder: N=1364/3672 (37.15%)
  6093 | D:5      | Wingboner: 37% of all my games were transmuters...
  6093 | D:5      | WhatIsLove: !blame Wingboner
  6093 | D:5      | beem: I pronounce Wingboner... Guilty!
  6093 | D:5      | Chiseanne: oh I missed the question with shatter..dont think so..I was thinking about controlled blink and blink through a big portion of the endgame
  6135 | D:5      | Found Fidi's Antique Weapon Shop.
  6193 | D:5      | Wingboner: Huh, I've missed it too, had to ctrl+f.
  6197 | D:5      | Chiseanne: you asked me if I intend to go shatter
  6199 | D:5      | Wingboner: That was the other person.
  6200 | D:5      | Chiseanne: "Wingboner: Will you go shatter?"
  6200 | D:5      | Chiseanne: I copied and pasted it
  6372 | D:5      | Bought a scroll labeled AFRACA GEIS for 27 gold pieces
  6372 | D:5      | Bought a scroll labeled LUAPOI PEPH for 27 gold pieces
  6487 | D:6      | Reached XP level 8. HP: 34/37 MP: 1/19
  6635 | D:6      | Wingboner: Ah, oops, yeah. I was actually asking about the unrand with shatter on impact, that's why forgot.
  6647 | D:6      | WhatIsLove: Don't worry about it mate, Wingedboner is pretty old, he got a mild case of sclerosis.
  6647 | D:6      | Wingboner: You have it in a shop.
  6647 | D:6      | Chiseanne: ahh ok I got it wrong
  6647 | D:6      | Chiseanne: haha
  6647 | D:6      | Wingboner: Yeah, a mild case of misunderstading.
  6658 | D:6      | Wingboner: So are you going to buy that?
  6658 | D:6      | Chiseanne: no
  6658 | D:6      | Chiseanne: I m going for a good poker rather than that
  6724 | D:6      | Reached skill level 1 in Stealth
  6739 | D:6      | Found Puicouwn's Distillery.
  6748 | D:6      | Bought a potion of curing for 39 gold pieces
  6748 | D:6      | Bought a potion of heal wounds for 65 gold pieces
  6832 | D:6      | Wingboner: By the way, I highly recommend VSFi^Hepl with short blades and a hexer ally. It's pretty fun from the start (you can tab, the ally lets you stab in heavy armour), and then your ally gets mass confuse and things go real.
  6843 | D:6      | Chiseanne: sounds awsome
  6843 | D:6      | Chiseanne: oh..I cant open the religious screen anymore..any ideas why that is?
  6843 | D:6      | Wingboner: You can take Usk instead of Hepl, it works pretty much the same: you tab, got abilities lets you stab and oneshot by telefragging.
  6843 | D:6      | Wingboner: You might've set a macro wrong.
  6843 | D:6      | Chiseanne: hmm
  6843 | D:6      | Wingboner: ~ m ^ c
  6843 | D:6      | Wingboner: Do this.
  6843 | D:6      | Chiseanne: by default it should be on ^
  6843 | D:6      | Wingboner: Yeah, this combination clears the macro on ^
  6843 | D:6      | Chiseanne: ~ m ^ c
  6843 | D:6      | Wingboner: In the game, not chat.
  6843 | D:6      | Chiseanne: tmm doesnt work lol
  6843 | D:6      | Chiseanne: ok
  6843 | D:6      | WhatIsLove: wait a sec, does it telefrag *anyone*, as in "oneshot"?
  6843 | D:6      | Wingboner: Ah, no, it was clear.
  6843 | D:6      | Wingboner: Yes.
  6844 | D:6      | Chiseanne: hmm
  6844 | D:6      | Chiseanne: doesnt work or did I do it wrong?
  6844 | D:6      | Wingboner: It was clear. Then you put a macro of u on c.
  6844 | D:6      | Wingboner: Now you probably can't butcher lol.
  6844 | D:6      | Chiseanne: damn lol
  6844 | D:6      | Wingboner: c and then c to clear.
  6844 | D:6      | Chiseanne: thx
  6844 | D:6      | Wingboner: What happens when you press ^?
  6844 | D:6      | Chiseanne: I put it on the rc file already..to u
  6844 | D:6      | Chiseanne: nothing
  6844 | D:6      | Wingboner: Strange.
  6844 | D:6      | Wingboner: ??bots
  6844 | D:6      | beem: bots[1/3]: Bots that can be pm'd: announcement bots: Henzell (CAO, !), Gretell (CDO, @), Lantell (CUE, $), Rotatell (CBRO, ^), Eksell (CXC, |), Jorgrell (CJR, =); others: Varmin, Cheibriados (%), and Sequell (! ?? & and others)
  6844 | D:6      | Wingboner: |rc chiseanne
  6844 | D:6      | Chiseanne: bindkey = [^U] CMD_DISPLAY_RELIGION
  6844 | D:6      | Chiseanne: I did that
  6844 | D:6      | Wingboner: Huh.
  6844 | D:6      | Wingboner: Does it work?
  6844 | D:6      | Chiseanne: it did
  6844 | D:6      | Chiseanne: now it doesnt anymore
  6844 | D:6      | Chiseanne: and I dont know why
  6844 | D:6      | Wingboner: I guess a trunk update broke the syntax.
  6844 | D:6      | Chiseanne: I was thinking that yes..ok maybe it will be fixed in the future
  6844 | D:6      | Chiseanne: I wish I had a workaround tho
  6844 | D:6      | Wingboner: For now you can prbably just clear the bind and it'll work by default on ^
  6844 | D:6      | Chiseanne: you mean in the rc?
  6844 | D:6      | Wingboner: Yeah.
  6844 | D:6      | Chiseanne: ok let me try that..brb ..sorry for kicking you in advance ;-)
  6853 | D:6      | Wingboner: Did it work?
  6853 | D:6      | Chiseanne: no
  6853 | D:6      | Chiseanne: hmm I might check the keybinds in firefox
  6853 | D:6      | Chiseanne: no theres is no problem there
  7052 | D:6      | Reached skill level 9 in Dodging
  7182 | D:5      | Wingboner: bindkey = [^U] CMD_DISPLAY_RELIGION
  7182 | D:5      | Bought a brightly glowing robe for 159 gold pieces
  7182 | D:5      | Wingboner: http://crawl.xtahua.com/crawl/rcfiles/crawl-git/Chiseanne.rc
  7182 | D:5      | Wingboner: It is there.
  7182 | D:5      | Chiseanne: I put # in front
  7182 | D:5      | Wingboner: No.
  7182 | D:5      | Chiseanne: it shouldnt
  7182 | D:5      | Wingboner: No # on that line.
  7182 | D:5      | Chiseanne: hmm I did ..but let me check again
  7193 | D:5      | Identified the +2 robe "Ceupt" {+Blink rCorr Int+5 Dex+2} (You bought it in a shop on level 5 of the Dungeon)
  7193 | D:5      | Chiseanne: # bindkey = [^U] CMD_DISPLAY_RELIGION
  7193 | D:5      | Chiseanne: see? I did
  7193 | D:5      | Wingboner: Ah, wait. You're playing 0.18, I'm looking at trunk.
  7193 | D:5      | Chiseanne: ah ok yes
  7193 | D:5      | Chiseanne: Im done with trunk..too many weird things happening there ;-)
  7284 | D:6      | Bought a potion of brilliance for 52 gold pieces
  7288 | D:6      | Bought a potion of curing for 39 gold pieces
  7303 | D:6      | Wingboner: Hehe. They're adding a new god!
  7305 | D:6      | Chiseanne: tempting :D what god ?
  7422 | D:6      | Wingboner: Wudzu is a god of wild plants and natural selection. Followers forgo the use of most armour, instead becoming encased by ever-growing masses of thorns. These thorns provide protection and various unique benefits. Followers will also be able to harness the destructive powers of plants by unleashing constricting vines and spreading massive briar patches.
  7433 | D:6      | Wingboner: Inverted Fedhas. Grow the plants on yourself.
  7433 | D:6      | Chiseanne: a bit druid like
  7433 | D:6      | Chiseanne: interesting
  7433 | D:6      | Chiseanne: ok I will check that out when it is live
  7463 | D:6      | Wingboner: I wonder how that works for cats, trolls and the like.
  7484 | D:6      | Wingboner: THORNCATS might be hilarious.
  7484 | D:6      | Chiseanne: hehe
  7484 | D:6      | Chiseanne: depends a lot on what theses other "powers" are
  7484 | D:6      | Chiseanne: I mean benefits
  7484 | D:6      | Chiseanne: a bit of croud control..thats quite nice
  7484 | D:6      | Wingboner: Yep, I'm not reading the commits to avoid the spoilers for now.
  7484 | D:6      | Wingboner: It'll probably go live as soon as the next trunk rebuild.
  7484 | D:6      | Chiseanne: ok yes understandable
  7484 | D:6      | Chiseanne: Im on the rss so I wont miss it
  7495 | D:6      | Wingboner: Which one?
  7504 | D:6      | Chiseanne: actually I m on 2..news and dungeon crawl stone soup
  7504 | D:6      | Chiseanne: so I get informed on the tournaments as well as the trunk updates
  7636 | D:6      | Wingboner: >googled dcss rss
  7640 | D:6      | Wingboner: >Get Department of Child Support Services (DCSS) news and information delivered directly to you by subscribing to RSS feeds.
  7645 | D:6      | Wingboner: ...That will put me on a FBI watchlist, right?
  7645 | D:6      | Chiseanne: :D
  7645 | D:6      | Chiseanne: for sure...I bet they reserved a carcer cell for you already haha
  7647 | D:6      | Wingboner: ,,,^..^,,,
  7649 | D:6      | Wingboner: Checked the legit one, it's too slow.
  7649 | D:6      | Wingboner: It's the RSS of the blog, and the blog can be weeks behind the real deal.
  7649 | D:6      | Chiseanne: it should be on the dungeon crawl main site
  7649 | D:6      | Wingboner: Yeah, I've found it, I'll just check manually when I get up tomorrow.
  7649 | D:6      | Wingboner: Should be up by then.
  7649 | D:6      | Chiseanne: ok..ok I will too
  7649 | D:6      | Chiseanne: that good sounds like a vey interesting idea to me
  7649 | D:6      | Wingboner: Yeah. But the new race kinda sucks for now, they're going to tweak it to make it better.
  7649 | D:6      | Chiseanne: on a raw guess I would say good for heavy ac !?
  7649 | D:6      | Chiseanne: new race also? which?
  7662 | D:6      | Wingboner: Basaujin or something, a lot like old ogre mage.
  7666 | D:6      | Wingboner: Human apts, ogre body.
  7666 | D:6      | Wingboner: Too boring as is, so is probably going to get a treeform ability or something.
  7666 | D:6      | Chiseanne: oh..hmm
  7666 | D:6      | Wingboner: !lg . won
  7666 | D:6      | beem: 13. Wingboner the Talismancer (L27 DDFi of Makhleb), escaped with the Orb and 3 runes on 2016-09-02 17:57:56, with 1960256 points after 56942 turns and 3:45:53.
  7666 | D:6      | Wingboner: !lg casual won
  7666 | D:6      | beem: 64. casual the Wrestler (L27 BaTm of Cheibriados), escaped with the Orb and 3 runes on 2016-09-28 21:15:22, with 1915651 points after 66339 turns and 3:53:06.
  7666 | D:6      | Wingboner: !lg casual won -log
  7666 | D:6      | beem: 64. casual, XL27 BaTm, T:66339: http://crawl.berotato.org/crawl/morgue/casual/morgue-casual-20160928-211522.txt
  7666 | D:6      | Wingboner: That one.
  7666 | D:6      | Chiseanne: they really should work on the naming poilicies lol...I mean..names that you can actually spell
  7666 | D:6      | Chiseanne: wow you needed 66k turns on that
  7666 | D:6      | Chiseanne: ok chei
  7666 | D:6      | Chiseanne: I hate him
  7666 | D:6      | Chiseanne: but nice one
  7745 | D:6      | Chiseanne: do you know a way to see the ranking other than on game end?
  7978 | D:6      | Found a staircase to the Ecumenical Temple.
  7993 | D:6      | Wingboner: I was taking it easy. Hence the name of the account — casual.
  8014 | D:6      | Wingboner: I only know how to see actual turns.
  8014 | D:6      | Wingboner: They show in %
  8014 | D:6      | Wingboner: Score is based heavily on turns, so it'll give you a good estimate.
  8014 | D:6      | Wingboner: On the topic of freaky names:
  8014 | D:6      | Wingboner: %git 9f23d048d92c
  8014 | D:6      | Chiseanne: I meant in general ..like the ranking you see when u end the game or die
  8014 | D:6      | Wingboner: Ah, this bot isn't retranslated.
  8014 | D:6      | Wingboner: [00:15] PleasingFungus * 0.18-a0-1360-g9f23d04: Remove anal (Grunt) (8 months ago, 29 files, 295+ 295-) https://github.com/crawl/crawl/commit/9f23d048d92c
  8014 | D:6      | Wingboner: Your score is basically number of runes divided by turns with some tweaks.
  8014 | D:6      | Chiseanne: ok I dont understand that..thats chineses to me
  8014 | D:6      | Wingboner: They had to remove anal.
  8014 | D:6      | Chiseanne: ah ok
  8014 | D:6      | Chiseanne: who or what tf was anal?
  8033 | D:6      | Wingboner: They generated a god name. Used it. And then noticed that it ends with these four letters.
  8036 | D:6      | Chiseanne: HAHAHA genius!
  8036 | D:6      | Chiseanne: thats frickini hillarious man
  8036 | D:6      | Chiseanne: -i
  8036 | D:6      | Wingboner: Yeah, it was a pretty amazing fuckup.
  8036 | D:6      | Chiseanne: dang I wish I found it in a game
  8036 | D:6      | Chiseanne: LOL
  8036 | D:6      | Chiseanne: cant stop laughing now
  8036 | D:6      | Wingboner: And now the commit "remove anal grunt" is there forever.
  8036 | D:6      | Chiseanne: :D:D:D
  8136 | D:7      | Reached skill level 5 in Stealth
  8144 | D:7      | Wingboner: On the topic of randomly generated bullshit:
  8144 | D:7      | Wingboner: ??fuk da sac
  8144 | D:7      | beem: fuk da sac[1/10]: http://bit.ly/1bHFx6X
  8144 | D:7      | Wingboner: Check that out.
  8144 | D:7      | Chiseanne: Welcome to Fag Cum's Jewellery Boutique!
  8144 | D:7      | Chiseanne: :D
  8144 | D:7      | Chiseanne: Noticed Not Gay the pandemonium lord
  8144 | D:7      | Chiseanne: omfg rofl
  8144 | D:7      | Wingboner: Yeah, some pretty great gems there.
  8144 | D:7      | Chiseanne: Your stone body feels more resilient. You block Peni's attack.
  8144 | D:7      | Chiseanne: :D
  8144 | D:7      | Chiseanne: lmao
  8144 | D:7      | Chiseanne: this is hillarious
  8144 | D:7      | Chiseanne: Im always every time reading the scroll names hopeing I can find something funny abut never happened to
  8181 | D:7      | Wingboner: There are some other interesting entries in the database.
  8186 | D:7      | Wingboner: ??bad ideas
  8186 | D:7      | beem: bad ideas[1/2]: Given a new home at http://crawl.chaosforge.org/Bad_Ideas
  8186 | D:7      | Wingboner: ??apropos randarts
  8186 | D:7      | beem: apropos randarts[1/26]: Randarts with cohesive flavour.
  8186 | D:7      | Wingboner: ??apropos randarts[2
  8186 | D:7      | beem: apropos randarts[2/26]: i - the ring of Xom's Flight of Fancy {MUT +Lev SInv} 403 gold
  8186 | D:7      | Wingboner: ??hydrataur
  8186 | D:7      | beem: hydrataur[1/1]: One of four possible unique guardians at lvl 3 of the abyssal stair. Each of his nine necks ends in a javelin throwing humanoid torso, and he also buffs, heals and sprays hellfire. Carries the madness rune.
  8186 | D:7      | Wingboner: ??apropos panlords
  8186 | D:7      | beem: apropos panlords[1/5]: Pandemonium lords with cohesive flavour.
  8186 | D:7      | Wingboner: ??apropos panlords[2
  8186 | D:7      | beem: apropos panlords[2/5]: "A powerful demon, Stank has an armoured body with shiny metal wings. It stinks of brimstone."
  8186 | D:7      | Chiseanne: Full colour animation cut scenes.
  8186 | D:7      | Chiseanne: actually I like tht idea
  8186 | D:7      | Wingboner: It's an old database, anyone can add things to it, so naturally some parts of it are pretty entertaining.
  8186 | D:7      | Wingboner: ??implemented bad ideas
  8186 | D:7      | beem: implemented bad ideas[1/27]: 714. When you hit an ogre with a long blade, instead of opening it like a pillowcase, you dice the ogre like an onion!!!
  8186 | D:7      | Wingboner: ??implemented bad ideas[2
  8186 | D:7      | beem: implemented bad ideas[2/27]: A cat race that gets nine lives!
  8186 | D:7      | Wingboner: ??implemented bad ideas[3
  8186 | D:7      | beem: implemented bad ideas[3/27]: 10. A graphical tile interface, so players don't need to read to play Crawl!
  8186 | D:7      | Wingboner: ??implemented bad ideas[4
  8186 | D:7      | beem: implemented bad ideas[4/27]: 509. LCS of returning [the unrandart]. Subsequently removed!
  8186 | D:7      | Wingboner: ??implemented bad ideas[5
  8186 | D:7      | beem: implemented bad ideas[5/27]: portal/shop/kitchen sink mimics
  8186 | D:7      | Wingboner: ??implemented bad ideas[6
  8186 | D:7      | beem: implemented bad ideas[6/27]: Octopodes.
  8186 | D:7      | Wingboner: And so on.
  8186 | D:7      | Chiseanne: PVP!
  8186 | D:7      | Chiseanne: sounds like fun
  8214 | D:7      | Wingboner: !fight 99 Cerebov v 99 Antaeus
  8218 | D:7      | Chiseanne: was thinking more like !fight 1 Wingboner vs 1 Chiseanne ;-)
  8218 | D:7      | Wingboner: Hmm, need to use the IRC for it, doesn't relay.
  8218 | D:7      | Wingboner: https://termcast.shalott.org/tv/
  8218 | D:7      | Chiseanne: or cooperative mode would be awesome
  8218 | D:7      | Chiseanne: hmm I pressed b now what?
  8218 | D:7      | Wingboner: I've started the fight. Do you see it?
  8218 | D:7      | Chiseanne: Chiseanne, L12 MfGl, Okawaru, Orc:4 (r:Wingboner)
  8218 | D:7      | Wingboner: It's on a
  8218 | D:7      | Wingboner: Not b
  8218 | D:7      | Chiseanne: it is waiting on something
  8218 | D:7      | Wingboner: q
  8218 | D:7      | Wingboner: then a
  8218 | D:7      | Chiseanne: ah mom
  8218 | D:7      | Chiseanne: meh..no tiles? *pouts*
  8218 | D:7      | Wingboner: It's probably possible to make an arena of player ghosts, but I don't know how.
  8218 | D:7      | Wingboner: Well, not like the devs care about tiles too much.
  8218 | D:7      | Chiseanne: I guess
  8218 | D:7      | Chiseanne: something like : you get a certain amount of points and chose achar , distribute points to abilities/spells and such then go
  8254 | D:7      | Wingboner: It'd require a pretty huge amount of coding.
  8259 | D:7      | Chiseanne: I think so yes
  8304 | D:7      | HP: 1/37 [ogre/giant club (22)]
  8652 | D:7      | Reached skill level 10 in Dodging
  8720 | D:7      | Wingboner: Because as is Crawl is strictly single player, so you'd have to remake lots of things from scratch, from buff durations to LoS.
  8766 | D:7      | Chiseanne: and turn based playstyle is a challenge as well I think
  8766 | D:7      | Chiseanne: imagine a cooperative adventure mode here *dream*
  8805 | D:7      | Wingboner: It'll just be slow as fuck.
  8809 | D:7      | Chiseanne: yes you will have to wait on the other player(s)
  8809 | D:7      | Wingboner: Yeah.
  8809 | D:7      | Chiseanne: or you switch it to real time ..like Diablo haha
  8815 | D:7      | Wingboner: I've played turn-based multiplayer games, but those have long turns.
  8817 | D:7      | Chiseanne: like what?
  8817 | D:7      | Chiseanne: name one
  8844 | D:7      | Wingboner: Or at least something meaningful every turn, like magic the gathering.
  8845 | D:7      | Wingboner: Heroes of might and magic.
  8847 | D:7      | Wingboner: Civilization.
  8852 | D:7      | Wingboner: Astral masters is another one with short but meaningful turns.
  8852 | D:7      | Chiseanne: ah ok thats strategy..yes Im still playing Civ4
  8852 | D:7      | Wingboner: My friend loves it, I join in sometimes.
  8852 | D:7      | Chiseanne: Heroes of might and magic 3 is still the best
  8852 | D:7      | Wingboner: The WoG one.
  8852 | D:7      | Wingboner: HoMM 3: WoG.
  8852 | D:7      | Chiseanne: every tried Realsim Invictus mod for civ? Fall from heaven?
  8852 | D:7      | Chiseanne: yes WoG is awesome
  8852 | D:7      | Wingboner: No, I haven't played any mods for Civ.
  8852 | D:7      | Chiseanne: you should try theses two
  8852 | D:7      | Chiseanne: that really spices it up
  8852 | D:7      | Wingboner: I know there are pony mods for it out there somewhere, kek.
  8852 | D:7      | Chiseanne: there is a modmod for Fall from heaven -> fall further
  8852 | D:7      | Chiseanne: whats a pony mod?
  8852 | D:7      | Wingboner: Adds pony countries with pony leaders.
  8852 | D:7      | Chiseanne: weird
  8999 | D:7      | Wingboner: http://www.moddb.com/mods/my-little-pony-civilization-is-magic
  8999 | D:7      | Wingboner: Yes. Yes, it is.
  8999 | D:7      | Chiseanne: ok I dont even pretend I will every try this lol
  9001 | D:7      | Wingboner: Hehehe.
  9028 | D:7      | Wingboner: Do you play starcraft 2?
  9028 | D:7      | Chiseanne: no
  9028 | D:7      | Chiseanne: not sure wich one that was
  9028 | D:7      | Chiseanne: ah ok realtime strategy..nah that is not for me
  9028 | D:7      | Chiseanne: only thing real time I played was Age of Empires 1 + 2 and the online thing
  9028 | D:7      | Wingboner: Too bad. One animator made quite a bit of amazing cartoons based on real situations in the game and is now developing a mod to style the game like his cartoons, it's awesome. Wanted to show you.
  9028 | D:7      | Chiseanne: wich I liked a lot
  9028 | D:7      | Wingboner: I like starcraft 2 a lot, we often play it on battle.net with a friend vs random people.
  9028 | D:7      | Chiseanne: I remember playing Age of Empires 1 against a friend those days and we played until 6 am..totally exhausted we called it a draw..then I figured I still had 70.000 wood and he had run out of resouced DAMN!
  9028 | D:7      | Chiseanne: I dont like the setting of starcraft
  9028 | D:7      | Chiseanne: and also too colourful and such
  9028 | D:7      | Wingboner: Haha. So you didn't get to use your wood on your friend, eh?
  9028 | D:7      | Chiseanne: and then again...rt is too stressing for me most of the time
  9028 | D:7      | Wingboner: Well, to each his own.
  9028 | D:7      | Wingboner: By the way, crawl is too stressing for my friend, permadeath and all.
  9028 | D:7      | Chiseanne: nah ..man I could have run him over ..but I couldnt barely keep my eyes open..so sad
  9028 | D:7      | Chiseanne: haha
  9028 | D:7      | Chiseanne: even tho I do understand that a bit
  9028 | D:7      | Chiseanne: if you are used to play games where you can save your progress and such this must be terrible for you
  9028 | D:7      | Chiseanne: I tried to lure a friend into a Path of exile hardcore game and he was almost yelling at me haha
  9229 | D:8      | Noticed Joseph
  9238 | D:8      | Shot with a sling bullet by Joseph

Skill      XL: |  1  2  3  4  5  6  7  8 |
---------------+-------------------------+-----
Translocations | 5 6 7 8 9 |  9.0
Dodging        | 4 5 6 7 8 10 | 10.2
Spellcasting   | 3 4 5 6 8 |  8.3
Stealth        | 6 |  6.1
Fighting       | |  1.5
Short Blades   | |  2.1
Throwing       | |  1.0

Action                   |  1- 3 |  4- 6 |  7- 9 || total
-------------------------+-------+-------+-------++-------
Melee: Short sword       |   181 |   415 |   315 ||   911
 Fire: Hunting sling     |     3 |    26 |    10 ||    39
       Blowgun           |       |    76 |   101 ||   177
Throw: Tomahawk          |       |       |     4 ||     4
 Cast: Shroud of Golubri |    19 |    26 |    20 ||    65
       Blink             |     1 |       |    13 ||    14
       Apportation       |       |     6 |     5 ||    11
Invok: Call Merchant     |       |       |     1 ||     1
Evoke: Wand              |       |     6 |    15 ||    21
  Use: Scroll            |     8 |     1 |     8 ||    17
       Potion            |       |     3 |       ||     3
 Stab: Sleeping          |     2 |     3 |     7 ||    12
       Paralysed         |       |     2 |       ||     2
       Distracted        |       |     2 |     1 ||     3
       Confused          |       |     1 |     1 ||     2
  Eat: Fruit             |       |     3 |       ||     3
       Pizza             |       |     1 |       ||     1
       Bread ration      |       |       |     1 ||     1
Armor: Robe              |    17 |    56 |    34 ||   107
Dodge: Dodged            |   155 |   445 |   287 ||   887
